 Dungeon Crawl Stone Soup version 0.23.2-11-gf996548c65 (webtiles) character file.

Game seed: 10488292871833029451

57 Mogget the Covered (level 4, -8/35 HPs)
             Began as a Human Fighter on June 3, 2019.
             Killed from afar by Sigmund (9 damage)
             ... with a puff of flame
             ... on level 2 of the Dungeon.
             The game lasted 00:18:25 (1357 turns).

Mogget the Covered (Human Fighter)                  Turns: 1357, Time: 00:18:25

Health: -8/35      AC:  8    Str: 22    XL:     4   Next: 18%
Magic:  4/4        EV:  7    Int:  8    God:
Gold:   50         SH:  9    Dex: 12    Spells: 3/3 levels left

rFire    . . .     SeeInvis .   a - +0 long sword
rCold    . . .     Gourm    .   c - +0 shield
rNeg     . . .     Faith    .   b - +0 scale mail
rPois    .         Spirit   .   (no helmet)
rElec    .         Reflect  .   (no cloak)
rCorr    .         Harm     .   H - +0 pair of gloves
MR       .....                  (no boots)
Stlth    ..........             (no amulet)
HPRegen  0.11/turn              i - ring of attention (curse)
MPRegen  0.09/turn              F - +4 ring of strength

@: no status effects
A: no striking features
a: no special abilities


You were on level 2 of the Dungeon.
You were hungry.

You visited 1 branch of the dungeon, and saw 2 of its levels.

You collected 50 gold pieces.

Inventory:

Hand Weapons
 a - a +0 long sword (weapon)
 k - a +0 short sword
 n - a +0 whip
 q - a +0 whip
 u - a +0 whip
 v - a +0 hunting sling
 E - a +0 short sword
Missiles
 g - 11 sling bullets
 h - 78 stones (quivered)
 j - 21 arrows
 o - 13 poisoned needles
 w - 35 bolts
 x - 4 curare-tipped needles
Armour
 b - a +0 scale mail (worn)
 c - a +0 shield (worn)
 m - a +0 leather armour
 p - a +0 pair of gloves
 A - a +2 centaur barding
 H - a +0 pair of gloves (worn)
Jewellery
 i - a cursed ring of attention (left hand)
 y - a +6 ring of intelligence
 F - a +4 ring of strength (right hand)
Scrolls
 e - a scroll of immolation {unknown}
 s - a scroll of amnesia {unknown}
 t - 4 scrolls of identify {unknown}
 z - a scroll of fear {unknown}
 C - a scroll of magic mapping {unknown}
 D - a scroll of blinking {unknown}
 I - a scroll of remove curse {unknown}
Potions
 d - a potion of might
 r - a potion of magic {unknown}
 B - a potion of haste {unknown}
 G - a potion of heal wounds {unknown}
Comestibles
 f - 3 rations


   Skills:
 + Level 3.3 Fighting
 + Level 3.0 Long Blades
 + Level 3.6 Armour
 + Level 0.3 Dodging
 + Level 0.2 Stealth
 - Level 3.0 Shields


You had 3 spell levels left.
You didn't know any spells.
Your spell library was empty.

Dungeon Overview and Level Annotations

Branches:
Dungeon (2/15)

Altars:

Annotations:
D:2 Sigmund


Message History

The adder bites you but does no damage. The adder bites you but does no damage.
You hear some strange, mumbled words.
Something tries to affect you, but you resist.
The adder bites you but does no damage. Something hits you.
* * * LOW HITPOINT WARNING * * *
The adder barely misses you.
Found 14 gold pieces.
You are too injured to fight recklessly!
It was a potion of curing.
You feel better. You block the adder's attack.
You are too injured to fight recklessly!
You are too injured to fight recklessly!
You closely miss the adder. Something hits you!
* * * LOW HITPOINT WARNING * * *
You block the adder's attack. The adder bites you.
* * * LOW HITPOINT WARNING * * *
You hear some strange, mumbled words.
A puff of flame appears from out of thin air!
The puff of flame hits you!
You die...

# #.........#####....# #
####......##....)..## #
#########.###.....
######### #.#.......
........# #.#......#
........# #.#......#
........#######.#.......
........{.......#.....#÷
.......@.S...####.....#†
######.......# ###'###.
#.?......# #.####
$........<...# #.....
.(...........# ######
.......######.# .......
.# ....... # # ...... #


You could see an adder.

Vanquished Creatures
  2 oozes
  2 worms (D:2)
  A dart slug (D:1)
  2 leopard geckos
  A bat (D:2)
  7 goblins
  4 hobgoblins
  4 jackals
  A quokka (D:2)
  A frilled lizard (D:1)
  6 kobolds
  4 rats
35 creatures vanquished.

Notes
Turn   | Place    | Note
-------+----------+-------------------------------------------
     0 | D:1      | Mogget the Human Fighter began the quest for the Orb.
     0 | D:1      | Reached XP level 1. HP: 18/18 MP: 1/1
   189 | D:1      | Reached XP level 2. HP: 10/24 MP: 2/2
   509 | D:1      | Reached XP level 3. HP: 16/29 MP: 3/3
  1065 | D:2      | Reached XP level 4. HP: 31/35 MP: 4/4
  1342 | D:2      | Noticed Sigmund
  1356 | D:2      | HP: 1/35 [adder (1)]
  1357 | D:2      | Killed from afar by Sigmund

Skill      XL: |  1  2  3  4 |
---------------+-------------+-----
Long Blades    | 3 |  3.0
Fighting       | |  3.3
Armour         | |  3.6
Dodging        | |  0.3
Stealth        | |  0.2
Shields        | |  3.0

Action                   |  1- 3 |  4- 6 || total
-------------------------+-------+-------++-------
Melee: Long sword        |    98 |    10 ||   108
  Use: Potion            |       |     1 ||     1
  Eat: Chunk             |       |     1 ||     1
Armor: Scale mail        |    40 |     8 ||    48
Dodge: Dodged            |    40 |     6 ||    46
Block: Shield            |    51 |     7 ||    58
       Rpst.: Long sword |    13 |     2 ||    15
